 Dungeon Crawl Stone Soup version 0.22-a0-617-g6d95e9e505 (webtiles) character file.

10096 RKaid the Tainter (level 11, -1/69 HPs)
             Began as an Octopode Venom Mage on July 12, 2018.
             Was an Elder of Nemelex Xobeh.
             Slain by a five-headed hydra (14 damage)
             ... on level 1 of the Lair of Beasts.
             The game lasted 01:31:12 (20599 turns).

RKaid the Tainter (Octopode Venom Mage)            Turns: 20599, Time: 01:31:12

Health: -1/69      AC:  1    Str:  8    XL:     11   Next: 56%
Magic:  14/20      EV: 16    Int: 20    God:    Nemelex Xobeh [****..]
Gold:   513        SH:  5    Dex: 13    Spells: 4/23 levels left

rFire    . . .     SeeInvis .   a - staff of poison {rPois}
rCold    + + .     Gourm    .   g - +0 buckler
rNeg     + . .     Faith    .   (helmet restricted)
rPois    +         Spirit   .   r - amulet of the acrobat
rElec    .         Reflect  .   c - ring of resist corrosion
rCorr    +         Harm     .   O - ring of protection from cold {rC+}
MR       +....                  K - ring of Tugumeny {rC+ rN+ MR+}
Stlth    +++.......             (no ring)
HPRegen  0.21/turn              (no ring)
MPRegen  0.17/turn              (no ring)
                                (no ring)
                                (no ring)

@: very slightly contaminated
A: almost no armour, stealthy swim, amphibious, 8 rings, constrict 8, camouflage
1, gelatinous body 1
a: Triple Draw, Deal Four, Renounce Religion


You were on level 1 of the Lair of Beasts.
You worshipped Nemelex Xobeh.
Nemelex Xobeh was greatly pleased with you.
You were not hungry.

You visited 3 branches of the dungeon, and saw 12 of its levels.
You also visited: Ossuary.

You collected 681 gold pieces.
You spent 168 gold pieces at shops.

Inventory:

Hand Weapons
 b - a +2 dagger of draining
   (You took it off a goblin on level 1 of the Dungeon)
 w - a +3 blowgun
   (You took it off Sonja on level 10 of the Dungeon)
 y - a +2 vampiric glaive
   (You found it on level 5 of the Dungeon)
 z - a +0 trident
   (You took it off an orc on level 6 of the Dungeon)
 L - a +0 falchion
   (You took it off a crimson imp on level 5 of the Dungeon)
 M - a +2 dagger of freezing
   (You took it off an orc wizard on level 10 of the Dungeon)
Missiles
 I - a throwing net {=f}
 N - 9 curare-tipped needles
Armour
 g - a +0 buckler (worn)
   (You found it on level 2 of the Dungeon)
Magical Staves
 a - an uncursed staff of poison (weapon) {rPois}
   (You took it off a goblin on level 2 of the Dungeon)
Jewellery
 c - a ring of resist corrosion (left tentacle)
   (You found it on level 1 of the Dungeon)
 j - an uncursed ring of ice {rC+, rF-}
   (You found it on level 2 of the Dungeon)
 r - an amulet of the acrobat (around mantle)
   (You took it off an orc wizard on level 4 of the Dungeon)
 K - the ring of Tugumeny (on tentacle) {rC+ rN+ MR+}
   (You took it off a centaur warrior on level 10 of the Dungeon)

   [ring of protection from magic]

   It protects you from cold.
   It protects you from negative energy.
   It affects your resistance to hostile enchantments.
 O - a ring of protection from cold (right tentacle) {rC+}
   (You found it on level 10 of the Dungeon)
 Q - an uncursed amulet of magic regeneration {unknown}
   (You found it on level 1 of the Lair of Beasts)
Wands
 q - a wand of polymorph (11)
   (You took it off Blork the orc on level 4 of the Dungeon)
 A - a wand of acid (5)
   (You took it off an orc warrior on level 8 of the Dungeon)
 B - a wand of iceblast (7)
   (You bought it in a shop on level 6 of the Dungeon)
 C - a wand of clouds (5)
   (You found it on level 7 of the Dungeon)
 G - a wand of flame (20)
   (You took it off a gnoll sergeant on level 7 of the Dungeon)
Scrolls
 h - 6 scrolls of enchant armour
 o - 2 scrolls of remove curse
 t - 5 scrolls of teleportation
 D - a scroll of amnesia
 E - a scroll of magic mapping {!r}
 H - a scroll of immolation {!r}
Potions
 e - 3 potions of cancellation
 k - 2 potions of ambrosia
 l - a potion of magic {unknown}
 m - a potion of agility
 n - a potion of haste
 p - 2 potions of flight
 u - 3 potions of brilliance {unknown}
 P - a potion of berserk rage {unknown}
Miscellaneous
 d - an ornate deck of summoning {drawn: 3}
   (Nemelex Xobeh gifted it to you in an ossuary)
 i - a plain deck of summoning
   (Nemelex Xobeh gifted it to you on level 1 of the Lair of Beasts)
 s - an ornate deck of escape
   (Nemelex Xobeh gifted it to you on level 7 of the Dungeon)
 v - a plain deck of escape
   (Nemelex Xobeh gifted it to you on level 9 of the Dungeon)
 x - a lamp of fire (inert)
   (You found it on level 10 of the Dungeon)
 F - a legendary deck of destruction {drawn: 1}
   (Nemelex Xobeh gifted it to you on level 8 of the Dungeon)
 J - a plain deck of destruction {drawn: 7}
   (Nemelex Xobeh gifted it to you on level 10 of the Dungeon)
Comestibles
 f - 9 rations
 R - 4 chunks of flesh


   Skills:
 - Level 4.0 Fighting
 + Level 6.6 Dodging
 - Level 2.6 Stealth
 - Level 4.5 Shields
 + Level 6.5 Spellcasting
 + Level 7.5 Conjurations
 - Level 4.0 Air Magic
 - Level 10.0 Poison Magic
 + Level 8.5 Invocations


You had 4 spell levels left.
You knew the following spells:

 Your Spells              Type           Power        Failure   Level  Hunger
a - Sting                 Conj/Pois      ####         1%          1    None
b - Poisonous Vapours     Pois/Air       ######       1%          2    None
c - Mephitic Cloud        Conj/Pois/Air  ######..     1%          3    #......
d - Magic Dart            Conj           ####         1%          1    None
e - Venom Bolt            Conj/Pois      ######....   8%          5    #####..
f - Olgreb's Toxic Radia  Pois           ######..     1%          4    ###....
A - Apportation           Tloc           #.....       10%         1    None
B - Blink                 Tloc           N/A          16%         2    None

Your spell library contained the following spells:

 Spells                   Type           Power        Failure   Level  Hunger
 Conjure Flame            Conj/Fire      ###.....     6%          3    #......
 Slow                     Hex            #.......     16%         2    None
 Summon Small Mammal      Summ           #...         10%         1    None
 Animate Skeleton         Necr           N/A          10%         1    None
 Call Imp                 Summ           #.......     16%         2    None
 Stone Arrow              Conj/Erth      ###...       6%          3    #......
 Spider Form              Tmut/Pois      #####.....   3%          3    #......
 Blade Hands              Tmut           #.........   95%         5    #####..
 Ice Form                 Ice/Tmut       #.......     69%         4    ###....
 Confusing Touch          Hex            #.....       10%         1    None
 Passwall                 Tmut/Erth      #.......     16%         2    None
 Sticks to Snakes         Tmut           #.......     16%         2    None
 Lee's Rapid Deconstruct  Erth           #.........   95%         5    #####..
 Sandblast                Erth           #.....       10%         1    None
 Petrify                  Tmut/Erth      #.......     69%         4    ###....
 Beastly Appendage        Tmut           #.....       10%         1    None


Dungeon Overview and Level Annotations

Branches:
Dungeon (10/15)            Temple (1/1) D:6            Lair (1/6) D:10
    Orc: D:9-12

Altars:
Ashenzari
Cheibriados
Dithmenos
Gozag
Hepliaklqana
Makhleb
Nemelex Xobeh
Okawaru
Qazlal
Ru
Sif Muna
Trog
Vehumet
Xom
Yredelemnul
Zin

Shops:
D:6 }   D:9 :

Annotations:
D:8 exclusion: Psyche, Psyche
D:9 exclusions: manticore and 3 yaks
Lair:1 exclusion: black mamba


Innate Abilities, Weirdness & Mutations

You cannot wear most types of armour.
You are very stealthy in the water. (Stealth+)
You are amphibious.
You can wear up to eight rings at the same time.
You can use your tentacles to constrict eight enemies at once.
Your skin changes colour to match your surroundings (Stealth+).
Your rubbery body absorbs attacks. (AC +1, EV +1)


Message History

The floor.
You open the door.
There is an open door here.
You now have 513 gold pieces (gained 10).
A five-headed hydra comes into view.
Press: ? - help, v - describe, . - travel
Here: a five-headed hydra (hasn't noticed you)
The floor.
Evoke which item? (* to show all) (? for menu, Esc to quit)
You draw a card...
It is Wild Magic.
The five-headed hydra is blasted with searing flames!
The searing flames burn away its fire resistance!
You feel a surge of magic.
You open the door.
Evoke which item? (* to show all) (? for menu, Esc to quit)
You draw a card...
It is Wild Magic.
Nothing appears to happen.
Evoke which item? (* to show all) (? for menu, Esc to quit)
You draw a card...
It is Vitriol.
You have drawn Vitriol.
Press: ? - help, Shift-Dir - straight line, f - five-headed hydra
Aim: a five-headed hydra (moderately wounded, more vulnerable to fire)
The glob of acid hits the five-headed hydra.
The five-headed hydra is splashed with acid.
Evoke which item? (* to show all) (? for menu, Esc to quit)
You draw a card...
It is Pain.
You have drawn Pain.
Press: ? - help, Shift-Dir - straight line, f/p - five-headed hydra
Aim: a five-headed hydra (severely wounded, more vulnerable to fire)
The five-headed hydra struggles to resist.
A water moccasin comes into view.
You hit the five-headed hydra. You squeeze the five-headed hydra!
You block the five-headed hydra's attack. x2
The five-headed hydra bites you. The five-headed hydra misses you.
The five-headed hydra closely misses you.
Press: ? - help, v - describe, . - travel
Here: a five-headed hydra (almost dead, more vulnerable to fire)
The floor.
Unknown command.
Casting: Magic Dart (safe; 1% risk of failure)
Confirm with . or Enter, or press ? or * to list all spells.
You miscast Blink.
You are very lightly contaminated with residual magic.
The floor and the ceiling briefly switch places.
The water moccasin hisses angrily.
The five-headed hydra is no longer more vulnerable to fire.
The five-headed hydra bites you.
You block the five-headed hydra's attack.
The five-headed hydra bites you! x3
Casting: Blink (safe; 16% risk of failure)
Confirm with . or Enter, or press ? or * to list all spells.
You blink.
Evoke which item? (* to show all) (? for menu, Esc to quit)
You draw a card...
It is Pain.
You have drawn Pain.
Terrible wounds open up all over the water moccasin's body!
Press: ? - help, v - describe, . - travel
Here: a flayed ghost (friendly, summoned)
The floor.
What are your orders? t - Shout!
Orders for allies: a - Attack new target. p - Attack previous target. r - Retreat! s - Stop attacking. g - Guard the area. f - Follow me.
Anything else - Cancel.
Gang up on whom?
Press: ? - help, Dir - move target cursor, f/p - five-headed hydra
Aim: a five-headed hydra (almost dead) Attack!
Your flayed ghost stares at the five-headed hydra with tortured malice.
The five-headed hydra completely misses you. x2
The five-headed hydra closely misses you.
The five-headed hydra bites you.
The five-headed hydra closely misses you.
Your flayed ghost hits the five-headed hydra.
The water moccasin misses you.
Your flayed ghost stares at the five-headed hydra with tortured malice.
You see here a scroll labeled TUFEIJYGOFF.
Your flayed ghost stares at the five-headed hydra with tortured malice.
Casting: Blink (safe; 16% risk of failure)
Confirm with . or Enter, or press ? or * to list all spells.
You blink.
Evoke which item? (* to show all) (? for menu, Esc to quit)
Aiming: Iceblast
Press: ? - help, Shift-Dir - straight line, f - water moccasin, p - five-headed hydra
Aim: a water moccasin (moderately wounded, covered in terrible wounds) That beam is likely to hit you.
Continue anyway?
The mass of ice explodes!
The iceblast engulfs the water moccasin.
The iceblast engulfs the five-headed hydra.
The iceblast engulfs you! You partially resist.
* * * LOW HITPOINT WARNING * * *
You block the water moccasin's attack.
Casting: Blink (safe; 16% risk of failure)
Confirm with . or Enter, or press ? or * to list all spells.
You miscast Blink.
The air around you crackles with energy!
The water moccasin completely misses you.
You block the water moccasin's attack.
You block the five-headed hydra's attack.
The five-headed hydra bites you!
You die...
Your body glows slightly and disappears.

#.W........#########.##
#.'#.####### #...#
##..### #.#.# #.#...#
#........ ###.W.#
#..........
###.#######.#........
###.......#P #........
#...DS?...# #........
#....@....# .........
#...#..........#........
...###.......#.# .##
#.......# #####..P# ..##
.## .#


You could see a five-headed hydra, a water moccasin and a friendly flayed ghost.

Vanquished Creatures
  A centaur warrior (D:10)
  A two-headed ogre (D:9)
  Sonja (D:10)
  A komodo dragon (D:8)
  A troll (D:10)
  Prince Ribbit (D:7)
  4 yaks
  4 hogs (D:7)
  A human (D:7)
  A water moccasin (D:6)
  5 orc warriors
  2 ice beasts
  2 sky beasts
  A necrophage (D:9)
  4 black bears
  4 ogres
  7 wolves
  4 centaurs
  A crocodile (Lair:1)
  Blork the orc (D:4)
  A big kobold (D:7)
  3 bullfrogs
  A gnoll sergeant (D:7)
  A wyvern zombie (D:8)
  A wyvern skeleton (D:9)
  2 scorpions
  4 killer bees (D:8)
  2 howler monkeys
  3 electric eels
  8 crimson imps
  2 bullfrog zombies
  7 hounds
  A jelly (D:10)
  2 centaur skeletons
  2 orc priests
  3 bullfrog skeletons
  9 orc wizards
  Jessica (D:2)
  2 iguanas
  6 worker ants
  A mummy (D:5)
  5 gnolls (D:7)
  6 adders
  5 shadow imps
  An ooze (D:2)
  An adder skeleton (D:5)
  An adder zombie (D:7)
  2 worms
  6 dart slugs
  3 leopard geckos
  25 orcs
  3 giant cockroaches
  10 goblins
  5 hobgoblins
  14 jackals
  6 kobolds
  A quokka (D:2)
  4 ball pythons
  A ball python skeleton (Ossuary)
  3 bats
  6 frilled lizards
  A hobgoblin zombie (Ossuary)
  A kobold zombie (Ossuary)
  A leopard gecko skeleton (D:6)
  An orc zombie (Ossuary)
  8 rats
229 creatures vanquished.

Vanquished Creatures (collateral kills)
  A centaur warrior (D:9)
  Pikel (D:6)
  A gargoyle (D:10)
  2 wraiths
  A phantom (D:6)
  An ogre (D:10)
  An electric eel (D:10)
  A crimson imp (D:9)
  4 orcs (D:9)
13 creatures vanquished.

Vanquished Creatures (others)
  4 slaves (D:7)
  A tengu (D:5)
  A worker ant (D:7)
  A kobold (D:7)
7 creatures vanquished.

Grand Total: 249 creatures vanquished

Notes
Turn   | Place    | Note
-------+----------+-------------------------------------------
     0 | D:1      | RKaid the Octopode Venom Mage began the quest for the Orb.
     0 | D:1      | Reached XP level 1. HP: 11/11 MP: 3/3
   288 | D:1      | Reached XP level 2. HP: 11/18 MP: 3/5
   625 | D:1      | Reached skill level 4 in Poison Magic
   835 | D:1      | Reached XP level 3. HP: 20/22 MP: 0/6
   854 | D:1      | Reached skill level 1 in Fighting
  1046 | D:1      | Learned a level 2 spell: Poisonous Vapours
  1050 | D:1      | Learned a level 3 spell: Mephitic Cloud
  1361 | D:1      | Found a sparkling altar of Nemelex Xobeh.
  1582 | D:1      | Reached skill level 2 in Conjurations
  1717 | D:1      | Became a worshipper of Nemelex Xobeh the Trickster
  2154 | D:2      | D:2 staff of posion on a venom mage!
  2166 | D:2      | Received a gift from Nemelex Xobeh
  2173 | D:2      | Reached XP level 4. HP: 28/28 MP: 4/7
  2460 | D:2      | Found an opulent altar of Gozag.
  2765 | D:2      | Noticed Jessica
  2795 | D:2      | Killed Jessica
  2795 | D:2      | Reached XP level 5. HP: 34/34 MP: 3/8
  2869 | D:2      | Found a glowing silver altar of Zin.
  2870 | D:2      | Noticed an angel
  2872 | D:2      | Found a shimmering altar of Xom.
  2956 | D:2      | Found a burning altar of Makhleb.
  3129 | D:3      | Found a basalt altar of Yredelemnul.
  3291 | D:3      | Found a bloodstained altar of Trog.
  3400 | D:3      | Found a stormy altar of Qazlal.
  3566 | D:3      | Found a snail-covered altar of Cheibriados.
  3805 | D:4      | Reached skill level 3 in Conjurations
  3805 | D:4      | Reached skill level 5 in Poison Magic
  3824 | D:4      | Reached skill level 2 in Fighting
  3888 | D:4      | Reached XP level 6. HP: 39/39 MP: 7/10
  3938 | D:4      | Reached * piety under Nemelex Xobeh
  4000 | D:4      | Noticed a phantom
  4005 | D:4      | Noticed Blork the orc
  4005 | D:4      | Noticed a phantom
  4556 | D:4      | Reached skill level 3 in Spellcasting
  4748 | D:4      | Reached skill level 6 in Poison Magic
  5083 | D:4      | Noticed a phantom
  5232 | D:4      | Reached skill level 4 in Conjurations
  5232 | D:4      | Reached skill level 1 in Invocations
  5232 | D:4      | Reached XP level 7. HP: 30/45 MP: 7/11
  5374 | D:4      | Killed Blork the orc
  5780 | D:5      | Entered Level 5 of the Dungeon
  5824 | D:5      | Received a gift from Nemelex Xobeh
  5885 | D:5      | Reached ** piety under Nemelex Xobeh
  5898 | D:5      | Found a sand-covered staircase.
  5916 | Ossuary  | Entered an ossuary
  5916 | Ossuary  | Received a gift from Nemelex Xobeh
  6054 | Ossuary  | RKaid: ??halberd
  6054 | Ossuary  | beem: halberd[1/1]: (polearms; -3 acc / 13 dam / 1.5 base delay / 0.7 min delay; two handed). A polearm consisting of an axe blade topped with a spike, mounted on a long shaft. Halberds chop hydra heads.
  6065 | Ossuary  | HP: 7/45 [wight/enchanted halberd (11)]
  6798 | D:5      | Reached skill level 3 in Fighting
  6939 | D:5      | HP: 4/46 [centaur/arrow (9)]
  7349 | D:5      | Reached skill level 2 in Invocations
  7406 | D:5      | Learned a level 4 spell: Olgreb's Toxic Radiance
  7896 | D:6      | Reached skill level 7 in Poison Magic
  7900 | D:6      | Reached XP level 8. HP: 37/52 MP: 2/12
  7994 | D:6      | Found a staircase to the Ecumenical Temple.
  8010 | D:6      | Found Ulux's Gadget Emporium.
  8018 | D:6      | Bought a wand of iceblast (10) for 168 gold pieces
  8050 | D:6      | HP: 10/52 [black bear (4)]
  8052 | D:6      | Reached skill level 5 in Conjurations
  8102 | Temple   | Entered the Ecumenical Temple
  8447 | D:6      | HP: 9/52 [water moccasin (7)]
  8449 | D:6      | HP: 2/52 [water moccasin (8)]
  8455 | D:6      | HP: 11/52 [water moccasin (2)]
  8678 | D:6      | Noticed a wyvern
  8678 | D:6      | Noticed a wyvern
  8814 | D:6      | Found a deep blue altar of Sif Muna.
  9270 | D:6      | HP: 7/54 [orc warrior/stone (15)]
  9695 | D:6      | Reached skill level 3 in Invocations
  9862 | D:6      | Reached skill level 4 in Fighting
  9985 | D:6      | Found a sacrificial altar of Ru.
 10048 | D:6      | Reached skill level 1 in Air Magic
 10320 | D:7      | Noticed Prince Ribbit
 10323 | D:7      | Reached skill level 1 in Shields
 10323 | D:7      | Reached skill level 8 in Poison Magic
 10334 | D:7      | Killed Prince Ribbit
 10334 | D:7      | Reached skill level 2 in Shields
 10724 | D:7      | Reached skill level 2 in Air Magic
 10724 | D:7      | Reached XP level 9. HP: 58/58 MP: 4/13
 10739 | D:6      | Reached skill level 4 in Invocations
 10865 | D:7      | Reached skill level 3 in Shields
 11337 | D:7      | Received a gift from Nemelex Xobeh
 11438 | D:7      | Found a radiant altar of Vehumet.
 11458 | D:7      | Noticed Pikel
 11484 | D:6      | Killed Pikel
 11484 | D:6      | Reached skill level 4 in Shields
 11484 | D:6      | Reached skill level 3 in Air Magic
 11889 | D:7      | Reached skill level 9 in Poison Magic
 11946 | D:7      | Reached skill level 5 in Invocations
 11978 | D:7      | Reached *** piety under Nemelex Xobeh
 12391 | D:7      | Reached skill level 3 in Dodging
 12391 | D:7      | Reached skill level 4 in Air Magic
 12396 | D:7      | Reached XP level 10. HP: 63/63 MP: 2/15
 12786 | D:8      | Reached skill level 4 in Spellcasting
 12826 | D:8      | Found a hazy altar of Hepliaklqana.
 12919 | D:8      | Noticed Psyche
 13199 | D:7      | Reached skill level 6 in Invocations
 13735 | D:8      | Received a gift from Nemelex Xobeh
 13797 | D:7      | Found a burning altar of Makhleb.
 14304 | D:8      | Learned a level 5 spell: Venom Bolt
 14467 | D:8      | Received a gift from Nemelex Xobeh
 14687 | D:8      | Reached **** piety under Nemelex Xobeh
 14850 | D:8      | Reached skill level 4 in Dodging
 14984 | D:9      | Reached skill level 10 in Poison Magic
 14986 | D:9      | HP: 10/63 [yak (15)]
 15891 | D:8      | Reached skill level 5 in Spellcasting
 15991 | D:9      | Received a gift from Nemelex Xobeh
 16042 | D:9      | Reached skill level 6 in Conjurations
 16054 | D:9      | Noticed a centaur warrior
 16078 | D:9      | Killed a centaur warrior
 16078 | D:9      | Reached skill level 5 in Dodging
 16078 | D:9      | Reached skill level 7 in Invocations
 16238 | D:9      | Noticed a manticore
 16252 | D:9      | Noticed a two-headed ogre
 16730 | D:9      | Learned a level 2 spell: Blink
 16732 | D:9      | Learned a level 1 spell: Magic Dart
 16739 | D:9      | Found a shattered altar of Ashenzari.
 16741 | D:9      | Found Cuygoah's Book Shop.
 16887 | D:9      | Killed a two-headed ogre
 16887 | D:9      | Reached XP level 11. HP: 61/69 MP: 6/19
 17328 | D:10     | Entered Level 10 of the Dungeon
 17374 | D:10     | Received a gift from Nemelex Xobeh
 17871 | D:10     | Noticed Sonja
 17890 | D:10     | Found a staircase to the Lair.
 18476 | D:10     | Reached skill level 6 in Spellcasting
 18485 | D:10     | Reached skill level 6 in Dodging
 18488 | D:10     | HP: 16/69 [something (5)]
 18488 | D:10     | HP: 7/69 [something (9)]
 18793 | D:10     | Reached skill level 7 in Conjurations
 18804 | D:10     | Reached skill level 8 in Invocations
 18815 | D:10     | Killed Sonja
 19281 | D:10     | Noticed a centaur warrior
 19289 | D:10     | RKaid: @??gargoyle
 19289 | D:10     | beem: gargoyle (9)
                  | Spd:
    10 | HD: 6    | HP: 23-32
                  | AC/EV: 18/6
                  | Dam: 20
                  | non-living, items, doors, fly, unbreathing
                  | Res: magic(40), elec, poison+++, drown, rot+++, neg+++, torm
                  | XP: 416
                  | Sp: stone arrow (3d12) [!AM, !sil]
                  | Sz: Medium
                  | Int: human.
 19308 | D:10     | Killed a centaur warrior
 19423 | D:10     | Got a bound ivory ring
 19598 | D:10     | HP: 17/69 [something (4)]
 19600 | D:10     | HP: 8/69 [something (7)]
 19947 | D:8      | Learned a level 1 spell: Apportation
 19968 | D:8      | Identified the ring of Tugumeny {rC+ rN+ MR+} (You took it off a centaur warrior on level 10 of the Dungeon)
 20186 | Lair:1   | Entered Level 1 of the Lair of Beasts
 20385 | Lair:1   | Received a gift from Nemelex Xobeh
 20578 | Lair:1   | Noticed a five-headed hydra
 20597 | Lair:1   | HP: 12/69 [shot self (10)]
 20599 | Lair:1   | Slain by a five-headed hydra

Vault maps used:
D:1:      sevenhm_arrival_forest_fort_small_4, kennysheep_another_room,
          nemelex_diamond_rough_becter
D:2:      grunt_temple_overflow_order_and_chaos_1, lightli_temple_of_fire,
          marbit_many_paths, hangedman_feature_mirror, uniq_jessica
D:3:      overflow_temple_1_default, kennysheep_slug_shrine,
          yredelemnul_altar_generic, nicolae_overflow_crystal_walls
D:4:      old_standard_altar, minmay_cupped, uniq_blork_the_orc
D:5:      gup_ossuary_entry_pyramid, first_ration
D:6:      lemuel_blue_sif_altar, temple_fountains, serial_shops, shop,
          nicolae_ru_sacrificial_ziggurat
D:7:      lemuel_upstairs_altar, fiery_altar_vehumet, grunt_livestock,
          uniq_pikel, uniq_prince_ribbit1
D:8:      lemuel_crystal_altar, uniq_psyche
D:9:      ashenzari_altar_1, serial_shops, shop, chequers_big_river
D:10:     minmay_the_grid_triangle_9x9_rhombus_full, erik_lair_island,
          uniq_sonja
Temple:   dpeg_three_leaves_temple
Lair:1:   zaba_anthole
Ossuary:  ossuary_due_cavern

Skill      XL: |  1  2  3  4  5  6  7  8  9 10 11 |
---------------+----------------------------------+-----
Poison Magic   | 4 5 6 7 8 9 10 | 10.0
Fighting       | 1 2 3 4 |  4.0
Conjurations   | 2 3 4 5 6 7 |  7.5
Spellcasting   | 3 5 6 |  6.5
Invocations    | 1 2 3 5 7 8 |  8.5
Air Magic      | 2 4 |  4.0
Shields        | 2 4 |  4.5
Dodging        | 3 5 6 |  6.6
Stealth        | |  2.6

Action                   |  1- 3 |  4- 6 |  7- 9 | 10-12 || total
-------------------------+-------+-------+-------+-------++-------
Melee: Unarmed           |    30 |       |     2 |       ||    32
       Constrict         |     8 |     3 |    21 |    14 ||    46
       Tentacles         |     5 |     3 |    18 |    28 ||    54
       Staff             |       |     9 |     5 |    11 ||    25
       Dagger            |       |    18 |   106 |   120 ||   244
       Trident           |       |       |     5 |       ||     5
       Falchion          |       |       |       |     4 ||     4
 Cast: Sting             |    66 |    99 |   216 |   194 ||   575
       Mephitic Cloud    |       |     3 |    22 |    22 ||    47
       Poisonous Vapours |       |     2 |     6 |    15 ||    23
       Magic Dart        |       |       |       |    98 ||    98
       Apportation       |       |       |       |     5 ||     5
       Blink             |       |       |       |     5 ||     5
       Olgreb's Toxic Ra |       |       |       |     3 ||     3
Evoke: Deck              |       |       |    12 |    13 ||    25
       Wand              |       |       |     3 |     3 ||     6
       Lamp of fire      |       |       |       |     1 ||     1
  Use: Scroll            |       |     6 |     9 |     8 ||    23
       Potion            |       |       |     2 |     1 ||     3
 Stab: Sleeping          |       |       |     6 |     1 ||     7
       Distracted        |       |       |       |     1 ||     1
  Eat: Chunk             |     4 |     9 |     8 |    10 ||    31
       Ration            |       |       |     5 |     5 ||    10
Armor: Skin              |     4 |     4 |     6 |     3 ||    17
Dodge: Dodged            |    25 |    40 |   114 |   213 ||   392
Block: Buckler           |       |       |    12 |    50 ||    62
       Rpst.: Falchion   |       |       |       |     1 ||     1

Table legend:
 A = Spawn XP
 B = Non-spawn XP
 C = Spawn XP percentage of total XP
 D = Spawn monster count
 E = Non-spawn monster count
 F = Spawn count percentage of total count
 G = Total turns spent on level
                    A         B        C        D         E        F      G
               +---------+---------+-------+---------+---------+-------+---------
         Total |       0 |   14423 |   0.0 |       0 |     242 |   0.0 | 20599
               +---------+---------+-------+---------+---------+-------+---------
           D:1 |       0 |      56 |   0.0 |       0 |      28 |   0.0 |  1782
           D:2 |       0 |     118 |   0.0 |       0 |      21 |   0.0 |  1342
           D:3 |       0 |      40 |   0.0 |       0 |      13 |   0.0 |  1144
           D:4 |       0 |     631 |   0.0 |       0 |      24 |   0.0 |  2168
           D:5 |       0 |     233 |   0.0 |       0 |      10 |   0.0 |  1549
           D:6 |       0 |    1571 |   0.0 |       0 |      24 |   0.0 |  2735
           D:7 |       0 |    2383 |   0.0 |       0 |      35 |   0.0 |  2041
           D:8 |       0 |    1680 |   0.0 |       0 |      16 |   0.0 |  2408
           D:9 |       0 |    2964 |   0.0 |       0 |      31 |   0.0 |  2225
          D:10 |       0 |    4325 |   0.0 |       0 |      32 |   0.0 |  2416
        Lair:1 |       0 |     418 |   0.0 |       0 |       4 |   0.0 |   413
       Ossuary |       0 |       4 |   0.0 |       0 |       4 |   0.0 |   153
               +---------+---------+-------+---------+---------+-------+---------

Table legend:
 A = Turns spent in this place as a percentage of turns spent in the entire game.
 B = Non-inter-level travel turns spent in this place as a percentage of non-inter-level travel turns spent in the entire game.
 C = Inter-level travel turns spent in this place as a percentage of turns spent in this place.
 D = Turns resting spent in this place as a percentage of non-inter-level travel turns spent in this place.
 E = Turns spent auto-exploring this place as a percentage of non-inter-level travel turns spent in this place.
 F = Non-inter-level travel turns spent in this place divided by the number of levels of this place that you've seen.
                   A       B       C       D       E      F
               +-------+-------+-------+-------+-------+----------------------
         Total | 100.0 | 100.0 |   5.1 |  48.6 |  26.2 | 1504.4
       Dungeon |  96.2 |  96.0 |   5.3 |  47.7 |  27.0 | 1876.8
        Temple |   1.1 |   1.1 |   0.0 |  99.1 |   0.0 | 223.0
          Lair |   2.0 |   2.1 |   0.0 |  61.0 |  15.3 | 413.0
       Ossuary |   0.7 |   0.8 |   0.0 |  49.0 |   0.0 | 153.0
               +-------+-------+-------+-------+-------+----------------------

Table legend:
 A = Kills in this place as a percentage of kills in entire the game.
 B = Kills by you in this place as a percentage of kills by you in the entire game.
 C = Kills by friends in this place as a percentage of kills by friends in the entire game.
 D = Other kills in this place as a percentage of other kills in the entire game.
 E = Experience gained in this place as a percentage of experience gained in the entire game.
 F = Experience gained in this place divided by the number of levels of this place that you have seen.
                   A       B       C       D       E      F
               +-------+-------+-------+-------+-------+----------------------
         Total | 100.0 | 100.0 | 100.0 | 100.0 | 100.0 | 1109.5
       Dungeon |  96.7 |  96.4 | 100.0 | 100.0 |  97.1 | 1400.1
          Lair |   1.7 |   1.8 |   0.0 |   0.0 |   2.9 | 418.0
       Ossuary |   1.7 |   1.8 |   0.0 |   0.0 |   0.0 |   4.0
               +-------+-------+-------+-------+-------+----------------------
